 Dungeon Crawl Stone Soup version 0.27.1-33-g824d729ab1 (webtiles) character file.

Game seed: 6468302071745695050

2306 pkoi the Draconian Disaster (level 9, 0/67 HPs)
             Began as a Black Draconian Brigand on Dec 21, 2021.
             Was a Believer of Qazlal.
             Slain by a gnoll sergeant (7 damage)
             ... on level 7 of the Dungeon.
             The game lasted 00:11:42 (9978 turns).

pkoi the Draconian Disaster (DrBr)                  Turns: 9978, Time: 00:11:42

Health: 0/67       AC: 10    Str: 16    XL:     9   Next: 18%
Magic:  15/15      EV: 11    Int: 14    God:    Qazlal [**....]
Gold:   267        SH:  2    Dex: 13    Spells: 4/16 levels left

rFire    . . .     SeeInvis .   f - +2 dagger (freeze)
rCold    . . .     Faith    +   (no shield)
rNeg     . . .     Spirit   .   (armour unavailable)
rPois    .         Reflect  .   (helmet restricted)
rElec    +         Harm     .   b - +0 cloak
rCorr    .         Rampage  .   (no gloves)
Will     +....                  m - +1 pair of boots
Stlth    ++........             h - amulet of faith
HPRegen  0.21/turn              x - ring of willpower
MPRegen  0.14/turn              (no ring)

@: short of breath, unable to read
A: breathe lightning, AC +7, unfitting armour, electricity resistance,
cold-blooded, antennae 1, strong 1, inability to read while threatened
a: Breathe Lightning, Renounce Religion, Upheaval


You were on level 7 of the Dungeon.
You worshipped Qazlal.
Qazlal was pleased with you.
You visited 2 branches of the dungeon, and saw 8 of its levels.
You also visited: Sewer.

You collected 267 gold pieces.

Inventory:

Hand Weapons
 a - a +3 dagger
 f - a +2 dagger of freezing (weapon)
Missiles
 c - 49 poisoned darts
 d - 2 curare-tipped darts
 y - a throwing net
Armour
 b - a +0 cloak (worn)
 m - a +1 pair of boots (worn)
Jewellery
 h - an amulet of faith (around neck)
 x - a ring of willpower (left hand)
Wands
 q - a wand of iceblast (5)
 v - a wand of paralysis (6)
Scrolls
 g - 2 scrolls of teleportation
 k - 3 scrolls of enchant weapon
 l - a scroll of silence {unknown}
 n - 2 scrolls of identify
 o - a scroll of blinking
 p - a scroll of enchant armour
 t - 3 scrolls of fog
Potions
 e - 2 potions of curing
 i - 2 potions of heal wounds
 j - 2 potions of haste
 r - a potion of cancellation
 s - a potion of mutation
 u - 2 potions of magic
 w - a potion of flight


   Skills:
 - Level 2.1 Fighting
 - Level 5.5 Short Blades
 - Level 1.7 Throwing
 - Level 0.8 Dodging
 - Level 3.6 Stealth
 + Level 5.5 Unarmed Combat
 - Level 4.0 Spellcasting
 + Level 5.6 Air Magic
 + Level 7.2 Invocations


You had 4 spell levels left.
You knew the following spells:

 Your Spells              Type           Power      Damage    Failure   Level
a - Airstrike             Air            9%         N/A       19%         4
b - Swiftness             Air            18%        N/A       6%          3
c - Ozocubu's Armour      Ice            2%         N/A       50%         3
d - Static Discharge      Conj/Air       10%        N/A       10%         2

Your spell library contained the following spells:

 Spells                   Type           Power      Damage    Failure   Level
 Shock                    Conj/Air       40%        1d5       6%          1
 Portal Projectile        Hex/Tloc       4%         N/A       50%         3
 Dispel Undead            Necr           2%         3d7       88%         4
 Sticky Flame             Conj/Fire      2%         2d3       88%         4
 Alistair's Intoxication  Tmut/Pois      1%         N/A       99%         5
 Blade Hands              Tmut           1%         N/A       99%         5
 Borgnjor's Vile Clutch   Necr/Erth      1%         N/A       99%         5
 Excruciating Wounds      Necr           1%         N/A       99%         5
 Metabolic Englaciation   Hex/Ice        1%         N/A       99%         5
 Dispersal                Tloc           1%         N/A       100%        6
 Eringya's Noxious Bog    Tmut/Pois      1%         N/A       100%        6
 Simulacrum               Ice/Necr       1%         N/A       100%        6
 Disjunction              Tloc           1%         N/A       100%        8


Dungeon Overview and Level Annotations

Branches:
Dungeon (7/15)             Temple (1/1) D:6           Sewer (visited)

Altars:
Ashenzari
Cheibriados
Elyvilon
Fedhas
Gozag
Kikubaaqudgha
Makhleb
Okawaru
Qazlal
Sif Muna
Uskayaw
Vehumet
Xom
Zin
The Shining One

Shops:
D:6 =

Annotations:
D:3 2 transporters


Innate Abilities, Weirdness & Mutations

You can breathe wild blasts of lightning.
Your glossy black scales are hard. (AC +7)
You cannot fit into any form of body armour.
You are resistant to electric shocks. (rElec)
You are cold-blooded and may be slowed by cold attacks.
You have a pair of small antennae on your head.
Your muscles are strong. (Str +2)
You sometimes lose the ability to read scrolls when taking damage.


Message History

The gnoll sergeant barely misses you.
You hit the gnoll sergeant. You freeze the gnoll sergeant.
The gnoll sergeant is severely wounded.
You hit the gnoll sergeant but do no damage.
The gnoll sergeant is severely wounded.
The gnoll sergeant hits you with a +0 trident.
* * * LOW HITPOINT WARNING * * *
You closely miss the gnoll sergeant.
The gnoll sergeant is severely wounded.
The gnoll sergeant hits you with a +0 trident.
* * * LOW HITPOINT WARNING * * *
You hit the gnoll sergeant but do no damage.
The gnoll sergeant is severely wounded.
The gnoll sergeant hits you with a +0 trident.
* * * LOW HITPOINT WARNING * * *
You closely miss the gnoll sergeant. You tail-slap the gnoll sergeant.
The gnoll sergeant is severely wounded.
You barely miss the gnoll sergeant.
The gnoll sergeant is severely wounded.
The gnoll sergeant hits you but does no damage.
You hit the gnoll sergeant. You freeze the gnoll sergeant.
The gnoll sergeant is almost dead.
The gnoll sergeant hits you with a +0 trident.
* * * LOW HITPOINT WARNING * * *
You hit the gnoll sergeant but do no damage.
The gnoll sergeant is almost dead.
You closely miss the gnoll sergeant.
The gnoll sergeant is almost dead.
The gnoll sergeant hits you with a +0 trident.
* * * LOW HITPOINT WARNING * * *
You barely miss the gnoll sergeant.
The gnoll sergeant is almost dead.
The gnoll sergeant closely misses you.
You hit the gnoll sergeant but do no damage.
Your tail-slap misses the gnoll sergeant.
The gnoll sergeant is almost dead.
The gnoll sergeant hits you from afar with a +0 trident!
* * * LOW HITPOINT WARNING * * *
The gnoll sergeant hits you from afar with a +0 trident!
You die...

#.##.# #.##.# #.##.#
#<##.#### .#########
##(##<...##.#
.........####.#.#..#....#
......))...[.###.....####
..######....## ##.#.##
#@###.###.##.# #.#
##.#.## .# #g# ##.## #
#.# ### #.# #.# ..# #.#
#.#


You could see a gnoll sergeant.

Vanquished Creatures
  Maggie (D:6)
  A troll (D:7)
  Grinder (D:4)
  A water moccasin (D:5)
  An ice beast (D:6)
  A sky beast (D:5)
  An ogre (D:5)
  A necrophage (D:5)
  A bullfrog (D:6)
  2 scorpions (D:5)
  A water moccasin skeleton (D:5)
  A water moccasin zombie (D:5)
  3 killer bees (D:6)
  A centaur zombie (D:5)
  A crimson imp (D:6)
  A bullfrog zombie (D:6)
  3 hounds
  A jelly (D:6)
  A bullfrog skeleton (D:5)
  Terence (D:2)
  2 iguanas (D:5)
  An orc wizard (D:4)
  A hound skeleton (D:4)
  11 gnolls
  A howler monkey skeleton (D:6)
  7 adders
  A river rat (D:3)
  2 white imps
  An adder skeleton (D:4)
  A worm (D:3)
  3 dart slugs
  10 orcs
  8 ball pythons
  3 endoplasms
  6 giant cockroaches
  9 goblins
  7 hobgoblins
  11 jackals
  7 quokkas
  6 bats
  7 frilled lizards
  13 kobolds
  2 rats (D:1)
  4 bushes (D:4)
149 creatures vanquished.

Vanquished Creatures (collateral kills)
  A scorpion (D:4)
  3 gnolls (D:4)
4 creatures vanquished.

Vanquished Creatures (others)
  23 plants
23 creatures vanquished.

Grand Total: 176 creatures vanquished

Notes
Turn   | Place    | Note
-------+----------+-------------------------------------------
     0 | D:1      | pkoi the Draconian Brigand began the quest for the Orb.
     0 | D:1      | Reached XP level 1. HP: 17/17 MP: 1/1
   312 | D:1      | Reached XP level 2. HP: 24/24 MP: 2/2
  1054 | D:2      | Reached XP level 3. HP: 20/29 MP: 3/3
  1506 | D:2      | Found a faded altar of an unknown god.
  1534 | D:2      | Became a worshipper of Qazlal Stormbringer
  1534 | D:2      | Reached * piety under Qazlal
  1628 | D:2      | Noticed Terence
  1641 | D:2      | Killed Terence
  1642 | D:2      | Reached skill level 1 in Invocations
  1642 | D:2      | Reached XP level 4. HP: 25/36 MP: 4/4
  2341 | D:3      | Found a transporter.
  2343 | D:3      | Found a transporter.
  2529 | D:3      | Reached skill level 2 in Invocations
  2529 | D:3      | Reached XP level 5. HP: 27/41 MP: 6/6
  2739 | D:3      | Reached skill level 5 in Short Blades
  2743 | D:3      | Found a glowing drain.
  2752 | Sewer    | Entered a sewer
  3066 | Sewer    | Reached ** piety under Qazlal
  4150 | D:4      | Reached skill level 3 in Invocations
  4158 | D:4      | Reached XP level 6. HP: 35/48 MP: 8/8
  4292 | D:4      | Noticed Grinder
  4299 | D:4      | Paralysed by Grinder for 4 turns
  4329 | D:4      | Killed Grinder
  4330 | D:4      | Reached skill level 4 in Invocations
  4728 | D:4      | Your scales start taking on a glossy black colour.
  4728 | D:4      | Reached XP level 7. HP: 37/55 MP: 5/10
  4728 | D:4      | Gained mutation: You are resistant to electric shocks.
                  | (rElec) [Black Draconian growth]
  4943 | D:4      | Learned a level 4 spell: Airstrike
  6020 | D:5      | Entered Level 5 of the Dungeon
  6034 | D:5      | Reached skill level 1 in Air Magic
  6034 | D:5      | Reached skill level 5 in Invocations
  6136 | D:5      | Reached skill level 1 in Spellcasting
  6327 | D:5      | Gained mutation: You have a pair of small antennae on your
                  | head. [potion of mutation]
  6327 | D:5      | Gained mutation: Your muscles are strong. (Str +2) [potion
                  | of mutation]
  6327 | D:5      | Gained mutation: You sometimes lose the ability to read
                  | scrolls when taking damage. [potion of mutation]
  6501 | D:5      | HP: 2/55 [water moccasin (5)]
  6506 | D:5      | Reached XP level 8. HP: 5/61 MP: 7/12
  6506 | D:5      | HP: 3/61 [poisoned by a water moccasin]
  6924 | D:5      | Reached skill level 6 in Invocations
  7147 | D:5      | Learned a level 3 spell: Swiftness
  7151 | D:5      | Learned a level 3 spell: Ozocubu's Armour
  7154 | D:5      | Learned a level 2 spell: Static Discharge
  7662 | D:6      | Noticed Maggie
  7679 | D:6      | Killed Maggie
  8074 | D:6      | Found a staircase to the Ecumenical Temple.
  8095 | Temple   | Entered the Ecumenical Temple
  8844 | D:6      | Reached skill level 5 in Unarmed Combat
  8930 | D:6      | Found Luopnoa's Jewellery Emporium.
  9070 | D:7      | Noticed a troll
  9073 | D:7      | Killed a troll
  9074 | D:7      | Reached skill level 5 in Air Magic
  9074 | D:7      | Reached skill level 7 in Invocations
  9074 | D:7      | Reached XP level 9. HP: 67/67 MP: 9/14
  9978 | D:7      | Slain by a gnoll sergeant

Illustrated notes

Levels and vault maps discovered:
D:1:      dpeg_arrival_rooms_b, layout_basic
D:2:      cheibrodos_helix_gallery, layout_loops_cross,
          dreamdust_ecumenical_altar_statues, uniq_jessica, uniq_terence
D:3:      layout_loops_ring, gup_sewer_entry_bowl,
          gammafunk_ghost_gnarly_gnolls, minmay_cut_off
D:4:      layout_basic, serial_forest, infiniplex_forest_clump_double,
          infiniplex_forest_straight_4, infiniplex_forest_clump_double,
          infiniplex_forest_clump_medium, infiniplex_forest_lined_room_2,
          infiniplex_forest_3_way, hex_large, minmay_misc_feat_ornament,
          uniq_grinder
D:5:      layout_cave_pools, minivault_5, st_stairs_9, grunt_ministairs_1
D:6:      layout_loops_cross, minmay_temple_entry_hall, serial_shops,
          kennysheep_little_box, grunt_decor_mini_mirrors,
          minmay_fire_ice_demons, uniq_maggie
D:7:      layout_loops_ring, mainiacjoe_overflow_concentric_impassable,
          kennysheep_generic_room_15
Temple:   regret_index_temple_generic_petals

Skill      XL: |  1  2  3  4  5  6  7  8  9 |
---------------+----------------------------+-----
Short Blades   | 3 4 5 |  5.5
Invocations    | 1 2 3 4 5 7 |  7.2
Unarmed Combat | 2 3 5 |  5.5
Air Magic      | 3 5 |  5.6
Spellcasting   | 2 3 4 |  4.0
Fighting       | |  2.1
Throwing       | |  1.7
Dodging        | |  0.8
Stealth        | |  3.6

Action                   |  1- 3 |  4- 6 |  7- 9 || total
-------------------------+-------+-------+-------++-------
Melee: Dagger            |    97 |   269 |   900 ||  1266
       Tailslap          |    11 |    29 |   222 ||   262
       Punch             |       |       |    17 ||    17
 Cast: Airstrike         |       |       |     1 ||     1
Invok: Upheaval          |       |     1 |     6 ||     7
 Abil: Breathe Lightning |       |       |     7 ||     7
Evoke: Wand              |       |       |     7 ||     7
  Use: Scroll            |       |    10 |     3 ||    13
       Potion            |       |       |    15 ||    15
 Stab: Sleeping          |     8 |       |       ||     8
       Paralysed         |       |       |     1 ||     1
Armor: Skin              |    26 |    67 |    97 ||   190
Dodge: Dodged            |    52 |   106 |   119 ||   277
Block: Other             |       |    12 |    23 ||    35
